Map: Incorporeal LE

Players

unnamed - Winner!

  • Race: Protoss Protoss
  • League: Platinum
  • Spawn Location: 11:00

ManlyManMeat

  • Race: Zerg Zerg
  • League: Diamond
  • Spawn Location: 5:00

VOD

Have the link to the VOD?

Description

Time

  • Played on: June 30, 2025, 4:44 a.m.
  • Length: 12:11
Show
View Real Time Build Order
Export as new Build Order

unnamed Protoss - Winner!

Build Orders: 1 Gate Expand, Zealot Archon 

Get SALT Encoding   

  12  0:00  Probe  
  13  0:12  Probe  
  14  0:19  Pylon  
  14  0:24  Probe  
  15  0:36  Probe  
  15  0:40  Gateway  
  16  0:44  Probe  
  17  0:51  Assimilator  
  17  0:52  Probe  
  18  1:03  Probe  
  19  1:16  Probe  
  20  1:28  Nexus  
  20  1:39  Cybernetics Core  
  20  1:41  Probe  
  20  1:46  Assimilator  
  21  1:53  Probe  
  22  1:56  Pylon  
  22  2:04  Probe  
  23  2:12  Probe  
  23  2:20  Probe  
  23  2:21  Twilight Council  
  23  2:22  Warp Gate  
  24  2:32  Stalker  
  26  2:40  Probe  
  26  2:42  Gateway, Probe  
  28  2:50  Probe x2  
  28  2:57  Charge  
  30  3:00  Probe x2  
  32  3:11  Probe x2  
  34  3:14  Sentry  
  34  3:19  Probe  
  36  3:23  Probe  
  38  3:27  Probe  
  38  3:28  Assimilator  
  38  3:29  Assimilator  
  38  3:33  Pylon  
  39  3:35  Probe  
  39  3:36  Sentry  
  42  3:45  Probe  
  42  3:48  Probe  
  44  4:00  Gateway  
  44  4:01  Gateway  
  44  4:04  Probe  
  44  4:05  Probe  
  46  4:11  Pylon  
  46  4:12  Zealot x2  
  50  4:17  Probe x2  
  52  4:29  Gateway  
  52  4:31  Gateway  
  52  4:33  Gateway  
  52  4:34  Gateway  
  52  4:40  Pylon  
  52  4:41  Templar Archives  
  52  4:56  Nexus  
  52  4:59  Pylon  
  52  5:06  Zealot x2  
  56  5:12  Probe x2  
  58  5:18  High Templar x2  
  62  5:22  Archon  
  62  5:29  High Templar x3  
  62  5:30  High Templar, Zealot  
  62  5:31  Zealot  
  62  5:33  Archon x2  
  74  5:39  Pylon  
  74  5:41  Pylon  
  74  5:47  Probe x2  
  76  5:51  Zealot  
  78  5:59  Zealot x3  
  78  6:03  Zealot x4  
  78  6:20  Zealot  
  78  6:23  Zealot  
  82  6:30  Shield Battery  
  80  6:33  Shield Battery  
  78  6:45  Adept x2  
  64  7:11  Probe x3  
  63  7:17  Zealot x5  
  63  7:18  Zealot x3  
  63  7:21  Probe x3  
  71  7:29  Probe x3  
  74  7:33  Forge  
  74  7:35  Forge  
  77  7:37  Shield Battery  
  77  7:39  Shield Battery  
  77  7:42  Pylon  
  77  7:45  Pylon  
  77  7:51  High Templar x2  
  77  7:52  High Templar x2  
  77  7:53  High Templar x2  
  77  7:54  High Templar x2  
  77  7:56  Archon x2  
  77  7:57  Psionic Storm, Archon  
  93  7:59  Protoss Ground Weapons Level 1, Protoss Ground Armor Level 1, Archon  
  93  8:03  Probe x3  
  96  8:09  Photon Cannon  
  96  8:12  Photon Cannon  
  96  8:15  Probe x3  
  96  8:16  Photon Cannon  
  96  8:18  Photon Cannon  
  99  8:20  Photon Cannon  
  99  8:21  Blink  
  99  8:30  Robotics Facility  
  99  8:32  Robotics Facility  
  99  8:36  Probe x3  
  102  8:50  Nexus  
  102  8:53  Pylon  
  102  8:55  Pylon  
  100  8:56  Zealot x3  
  100  8:58  Zealot  
  100  9:02  Zealot  
  91  9:10  Zealot x2  
  91  9:11  Zealot  
  88  9:23  Probe x3  
  90  9:36  Robotics Bay  
  90  9:40  Probe  
  90  9:41  Stalker x2  
  95  9:48  High Templar x2  
  69  10:30  Zealot x5  
  69  10:31  Zealot  
  77  10:42  Probe x3  
  80  10:45  Shield Battery  
  80  10:47  Shield Battery  
  80  10:48  Photon Cannon  
  80  10:50  Photon Cannon  
  80  10:52  Photon Cannon  
  80  10:54  Probe x3  
  83  11:06  Probe x3  
  83  11:07  Zealot x2  
  90  11:12  Stalker x3  
  90  11:13  Stalker x3  
  90  11:18  Probe  
  103  11:24  Observer  
  92  11:42  High Templar  
  92  11:44  Zealot x3  
  92  11:45  Zealot x4  
  104  11:53  Assimilator  
  104  11:57  Assimilator  
Show
View Real Time Build Order
Export as new Build Order

ManlyManMeat Zerg 

Build Orders: Hatch First 

Get SALT Encoding   

  12  0:00  Drone  
  13  0:08  Drone  
  14  0:15  Extractor  
  14  0:16  Drone  
  15  0:22  Overlord  
  15  0:42  Drone  
  16  0:47  Hatchery  
  15  0:50  Drone  
  15  0:54  Drone  
  17  0:59  Drone  
  18  1:13  Spawning Pool  
  18  1:15  Extractor  
  16  1:19  Drone  
  16  1:21  Drone  
  18  1:30  Drone  
  19  1:37  Drone  
  20  1:59  Queen x2  
  24  2:03  Zergling x4  
  24  2:04  Drone  
  27  2:12  Overlord  
  27  2:14  Drone  
  28  2:20  Metabolic Boost  
  28  2:35  Drone  
  28  2:36  Hatchery  
  28  2:42  Drone x2  
  28  2:43  Drone  
  31  2:48  Drone x2  
  33  2:55  Overlord  
  33  2:57  Drone  
  34  3:07  Overlord  
  34  3:08  Drone  
  35  3:13  Queen  
  35  3:17  Drone x3  
  35  3:19  Drone  
  41  3:20  Drone  
  41  3:22  Drone  
  43  3:32  Drone x2  
  45  3:37  Zergling x4  
  47  3:43  Extractor  
  47  3:44  Drone x3  
  47  3:45  Drone  
  47  3:47  Drone x2  
  52  3:49  Queen  
  54  4:12  Lair  
  54  4:13  Queen  
  54  4:16  Drone  
  57  4:18  Evolution Chamber  
  57  4:19  Drone  
  57  4:20  Baneling Nest  
  57  4:21  Drone  
  57  4:22  Drone  
  57  4:23  Overlord x2  
  57  4:42  Zergling x26  
  70  5:01  Zerg Melee Weapons Level 1  
  70  5:05  Evolution Chamber  
  70  5:07  Zergling x10  
  72  5:11  Overlord x2  
  74  5:20  Baneling x9  
  74  5:26  Hatchery  
  73  5:29  Centrifugal Hooks, Extractor  
  73  5:30  Extractor  
  71  5:39  Hatchery  
  70  5:43  Zergling x22  
  81  5:57  Hydralisk Den  
  81  5:58  Drone  
  81  6:02  Zergling x16  
  86  6:16  Overlord  
  86  6:17  Overlord  
  80  6:24  Overlord x2  
  77  6:35  Hydralisk x2, Muscular Augments  
  77  6:36  Hydralisk  
  82  6:40  Zergling x16  
  87  6:54  Zergling x18  
  70  7:05  Queen  
  70  7:06  Drone  
  70  7:08  Drone x3  
  56  7:28  Drone x5  
  56  7:29  Hydralisk x3  
  66  7:47  Zergling x12  
  66  7:49  Zerg Melee Weapons Level 2  
  72  7:57  Zergling x14  
  79  7:59  Baneling x6  
  79  8:13  Drone  
  79  8:14  Drone x2  
  83  8:27  Zergling x18  
  91  8:36  Drone x3  
  91  8:38  Queen  
  96  8:41  Overlord  
  96  8:42  Overlord  
  96  8:43  Overlord  
  72  9:07  Hydralisk x7  
  77  9:12  Zergling x28  
  89  9:22  Drone  
  88  9:28  Zergling x12  
  94  9:33  Baneling x7  
  94  9:41  Overlord  
  94  9:47  Overseer  
  94  9:53  Baneling x2  
  94  9:57  Drone x5  
  94  9:58  Drone x2  
  101  10:06  Zergling x2  
  101  10:07  Zergling x24  
  94  10:17  Zergling x14  
  88  10:33  Zergling x20  
  94  10:44  Zergling x8  
  98  11:01  Overlord x2  
  98  11:02  Overlord  
  96  11:08  Zergling x6  
  97  11:20  Hatchery  
  70  11:42  Zergling x20  
Tags
 
Add a new tag
Caveats
  • Supply blocks, unpowered buildings, or Contaminate may cause inaccurate times.
  • Supply counts are checked every 10 seconds.